 Dungeon Crawl Stone Soup version 0.25-a0-302-g9f758675c1 (webtiles) character file.

Game seed: 7249438043447187814, levelgen mode: deterministic

25770 RedPan the Summoner (level 12, -5/96 HPs)
             Began as a Grey Draconian Ice Elementalist on Dec 20, 2019.
             Was an Elder of Sif Muna.
             Killed from afar by an ice statue (23 damage)
             ... with a shard of ice
             ... in an ice cave.
             The game lasted 01:06:22 (24721 turns).

RedPan the Summoner (DrIE)                         Turns: 24721, Time: 01:06:23

Health: -5/96      AC: 20    Str: 11    XL:     12   Next: 92%
Magic:  18/24      EV: 18    Int: 24    God:    Sif Muna [****..]
Gold:   986        SH:  6    Dex: 14    Spells: 13/28 levels left

rFire    . . .     SeeInvis +   e - +3 demon trident (venom)
rCold    + . .     Gourm    .   I - +0 buckler
rNeg     + . .     Faith    .   (armour unavailable)
rPois    .         Spirit   .   o - +2 hat {Int+3}
rElec    .         Reflect  .   T - +0 cloak "Jyuruhyu" {*Contam rN+ SInv Stlth+}
rCorr    .         Harm     .   w - +2 pair of gloves {Dex+3}
MR       .....                  B - +0 pair of boots
Stlth    +++.......             (no amulet)
HPRegen  0.26/turn              n - ring of ice
MPRegen  0.19/turn              g - ring of protection from fire

@: no status effects
A: walk through water, unfitting armour, unbreathing, cold-blooded, AC +13
a: Channel Magic, Forget Spell, Divine Exegesis, Renounce Religion


You were in an ice cave.
You worshipped Sif Muna.
Sif Muna was greatly pleased with you.
You were not hungry.

You visited 2 branches of the dungeon, and saw 17 of its levels.
You also visited: Bailey and Ice Cave.

You collected 986 gold pieces.

Inventory:

Hand Weapons
 e - a +3 demon trident of venom (weapon)
 D - a +6 dire flail of crushing
Armour
 a - a +2 shield of poison resistance
 o - a +2 hat of intelligence (worn)
 w - a +2 pair of gloves of dexterity (worn)
 B - a +0 pair of boots (worn)
 I - a +0 buckler (worn)
 K - a +0 cloak
 T - the +0 cloak "Jyuruhyu" (worn) {*Contam rN+ SInv Stlth+}
   (You found it on level 10 of the Dungeon)

   It protects you from negative energy.
   It lets you see invisible.
   It causes magical contamination when unequipped.
   It makes you more stealthy.
Magical Staves
 E - an uncursed staff of death
Jewellery
 g - a ring of protection from fire (right hand)
 l - an uncursed ring of flight
 n - a ring of ice (left hand)
 y - an uncursed ring of positive energy
 J - a +3 ring of intelligence
 L - an uncursed ring of positive energy
 S - an uncursed ring of protection from fire
Wands
 m - a wand of digging (9)
 q - a wand of flame (59)
 r - a wand of polymorph (13)
 H - a wand of iceblast (12)
 N - a wand of paralysis (7)
 P - a wand of clouds (10)
Scrolls
 c - 3 scrolls of blinking
 d - 2 scrolls of enchant armour
 f - 14 scrolls of remove curse
 p - 5 scrolls of teleportation
 u - 7 scrolls of identify
 M - a scroll of summoning
 Q - a scroll of fear
Potions
 i - 4 potions of magic
 j - 2 potions of invisibility
 k - a potion of ambrosia
 s - 3 potions of might
 t - 2 potions of lignification
 v - 3 potions of brilliance
 x - a potion of berserk rage
 z - 6 potions of curing
 A - 4 potions of haste
 C - 3 potions of heal wounds
 F - a potion of cancellation
 G - 3 potions of agility
 O - a potion of flight
Comestibles
 b - 28 rations
 h - 15 chunks of flesh


   Skills:
 - Level 6.1 Fighting
 + Level 2.2 Polearms
 - Level 9.0 Dodging
 - Level 2.0 Stealth
 - Level 7.0 Shields
 + Level 8.9 Spellcasting
 - Level 6.0 Conjurations
 + Level 9.6 Summonings
 - Level 7.0 Ice Magic
 - Level 8.0 Invocations
 - Level 4.0 Evocations


You had 13 spell levels left.
You knew the following spells:

 Your Spells              Type           Power        Failure   Level  Hunger
a - Freeze                Ice            ####         1%          1    None
b - Summon Ice Beast      Ice/Summ       ######..     1%          4    ##.....
c - Hailstorm             Conj/Ice       ######..     4%          4    ##.....
d - Shadow Creatures      Summ           N/A          17%         6    ######.

Your spell library contained the following spells:

 Spells                   Type           Power        Failure   Level  Hunger
 Magic Dart               Conj           ####         1%          1    None
 Shock                    Conj/Air       ####         1%          1    None
 Summon Small Mammal      Summ           ####         1%          1    None
 Call Imp                 Summ           ######..     1%          2    None
 Ensorcelled Hibernation  Hex/Ice        #####.       1%          2    None
 Searing Ray              Conj           #####.       1%          2    None
 Call Canine Familiar     Summ           ######..     1%          3    None
 Summon Guardian Golem    Hex/Summ       ####....     2%          3    None
 Ozocubu's Armour         Chrm/Ice       #####...     4%          3    None
 Dazzling Flash           Conj/Hex       ####..       5%          3    None
 Static Discharge         Conj/Air       ####....     5%          3    None
 Infusion                 Chrm           ##..         6%          1    None
 Summon Lightning Spire   Summ/Air       ####....     8%          4    ##.....
 Shroud of Golubria       Chrm/Tloc      ##....       9%          2    None
 Song of Slaying          Chrm           ##......     9%          2    None
 Swiftness                Chrm/Air       ##......     9%          2    None
 Fulminant Prism          Conj/Hex       ####......   17%         4    ##.....
 Iskenderun's Mystic Bla  Conj/Tloc      ####....     17%         4    ##.....
 Regeneration             Chrm/Necr      ##........   19%         3    None
 Spectral Weapon          Hex/Chrm       ##......     19%         3    None
 Lightning Bolt           Conj/Air       ####......   43%         5    ####...
 Airstrike                Air            ##........   52%         4    ##.....
 Borgnjor's Vile Clutch   Necr/Erth      ##........   86%         5    ####...
 Silence                  Hex/Air        ##........   86%         5    ####...
 Darkness                 Hex            ##........   100%        6    ######.


Dungeon Overview and Level Annotations

Branches:
Dungeon (11/15)            Temple (0/1) D:7            Lair (6/6) D:11
  Swamp (0/4) Lair:4        Snake (0/4) Lair:4       Bailey (visited)
  IceCv (1/1)
  Slime: Lair:5-6       Orc: D:9-12

Altars:
Ashenzari
Dithmenos
Okawaru
Qazlal
Sif Muna
Uskayaw
Wu Jian
Zin
The Shining One
Beogh

Annotations:
D:9 1 runed translucent door
D:10 Harold
Lair:4 exclusion: oklob plant IceCv exclusion: ice statue


Innate Abilities, Weirdness & Mutations

You can walk through water.
Your dull iron-grey scales are very hard. (AC +13)
You cannot fit into any form of body armour.
You can survive without breathing.
You are cold-blooded and may be slowed by cold attacks.


Message History

Your ice beast barely misses the ice beast.
What are your orders? t - Shout!
Orders for allies: a - Attack new target. p - Attack previous target. r - Retreat! s - Stop attacking. g - Guard the area. f - Follow me.
Anything else - Cancel.
Gang up on whom?
Press: ? - help, Dir - move target cursor, f/p - ice statue
Aim: an ice statue (noxious fumes, moderately damaged) Attack!
The ice statue gestures at you. You block the shard of ice.
The ice beast closely misses your ice beast.
Your ice beast hits the ice beast but does no damage.
You hit the ice statue but do no damage.
The ice statue is moderately damaged.
The ice statue gestures at you. The shard of ice hits you!!
You partially resist.
You die...

## #.# #
####.§#§.#
##YY@8§§#
##...Y.##§#
#..##.##
#..#####
#.####.##
#.≈#....#
##......##
#...###..##
##.#####..##


You could see an ice statue, an ice beast and 2 friendly ice beasts.

Vanquished Creatures
  A two-headed ogre (D:10)
  An unseen horror (D:10)
  An orc knight (Bailey)
  A black mamba (Lair:4)
  A spiny frog (Lair:3)
  A komodo dragon (Lair:5)
  2 polar bears (IceCv)
  2 dream sheep (Lair:6)
  A hippogriff (D:8)
  7 yaks
  A spriggan (D:8)
  A vampire (D:10)
  Duvessa (D:6)
  4 water moccasins
  3 porcupines
  3 ice beasts
  9 orc warriors
  A sky beast (D:5)
  2 phantoms
  2 wolves
  2 centaurs (D:6)
  A crocodile (D:11)
  3 bullfrogs
  2 scorpions
  8 killer bees
  2 wights (D:11)
  3 crimson imps
  A centaur zombie (D:7)
  A jelly (D:10)
  2 hounds
  2 orc priests (D:8)
  A bullfrog skeleton (D:8)
  An iguana (D:8)
  Natasha (D:3)
  8 orc wizards
  4 worker ants
  A worker ant zombie (D:5)
  8 gnolls
  6 adders
  2 shadow imps
  2 oozes
  2 adder skeletons (D:8)
  4 dart slugs
  5 leopard geckos
  23 orcs
  4 giant cockroaches
  13 goblins
  9 hobgoblins (D:1)
  13 jackals
  4 kobolds
  5 quokkas
  4 ball pythons
  3 bats
  8 frilled lizards
  A quokka skeleton (D:7)
  11 rats
215 creatures vanquished.

Vanquished Creatures (collateral kills)
  3 hydras
  3 two-headed ogres
  The ghost of qipq the Thaumaturge, a journeyman VSIE of Gozag (D:10)
  5 black mambas
  2 centaur zombies (D:10)
  3 spiny frogs
  3 rime drakes
  A polar bear (Lair:4)
  7 komodo dragons
  3 trolls
  Prince Ribbit (D:6)
  4 dream sheep (Lair:6)
  5 blink frogs (Lair:2)
  3 hippogriffs
  8 spriggans (D:8)
  25 yaks
  A wyvern (Lair:5)
  A basilisk (Lair:2)
  Menkaure (D:7)
  3 nagas (Lair:4)
  13 porcupines
  5 water moccasins
  13 orc warriors
  A sky beast (D:10)
  4 ogres
  9 wolves
  6 centaurs
  10 crocodiles
  7 bullfrogs
  Dowan (D:6)
  3 scorpions
  12 killer bees
  A howler monkey (D:11)
  6 wights
  2 crimson imps
  A quasit (D:7)
  2 jellies (Lair:6)
  7 orc priests
  A bullfrog skeleton (D:9)
  4 hounds
  A centaur skeleton (D:11)
  2 iguanas
  8 orc wizards
  A worker ant (D:6)
  A hound skeleton (D:9)
  3 adders
  9 gnolls
  2 shadow imps
  A worm (D:6)
  3 leopard geckos (D:8)
  36 orcs
  3 goblins (D:8)
  9 jackals
270 creatures vanquished.

Vanquished Creatures (others)
  A death yak (Lair:6)
  2 yaks (IceCv)
  3 fungi
  15 plants
21 creatures vanquished.

Grand Total: 506 creatures vanquished

Notes
Turn   | Place    | Note
-------+----------+-------------------------------------------
     0 | D:1      | RedPan the Draconian Ice Elementalist began the quest for
                  | the Orb.
     0 | D:1      | Reached XP level 1. HP: 14/14 MP: 3/3
   190 | D:1      | Reached XP level 2. HP: 20/20 MP: 3/5
   665 | D:1      | Reached XP level 3. HP: 17/26 MP: 4/6
  1543 | D:2      | Reached XP level 4. HP: 33/33 MP: 4/8
  1577 | D:2      | Learned a level 4 spell: Summon Ice Beast
  1582 | D:2      | Learned a level 4 spell: Hailstorm
  2787 | D:3      | Reached skill level 5 in Ice Magic
  2827 | D:3      | Reached skill level 1 in Summonings
  3069 | D:3      | Reached XP level 5. HP: 38/38 MP: 10/10
  3481 | D:3      | Noticed Natasha
  3489 | D:3      | Killed Natasha
  3885 | D:4      | Found a hide-covered altar of Uskayaw.
  4110 | D:4      | Found a shadowy altar of Dithmenos.
  4110 | D:4      | Found a stormy altar of Qazlal.
  4110 | D:4      | Noticed a phantom
  4153 | D:4      | Killed a phantom
  4153 | D:4      | Reached skill level 1 in Evocations
  4153 | D:4      | Reached XP level 6. HP: 22/45 MP: 6/11
  4922 | D:4      | Found an ornate altar of the Wu Jian Council.
  4926 | D:4      | Found an iron altar of Okawaru.
  5020 | D:5      | Entered Level 5 of the Dungeon
  5041 | D:5      | Found a shimmering blue altar of Sif Muna.
  5047 | D:5      | Became a worshipper of Sif Muna the Loreminder
  5086 | D:5      | Noticed a sky beast
  5127 | D:5      | Killed a sky beast
  5127 | D:5      | Your scales start taking on a dull iron-grey colour.
  5127 | D:5      | Reached XP level 7. HP: 38/50 MP: 5/13
  5127 | D:5      | Gained mutation: You can survive without breathing. [Grey
                  | Draconian growth]
  5266 | D:5      | Found a shattered altar of Ashenzari.
  5397 | D:5      | You fall into a shaft and drop 1 floor!
  5400 | D:6      | Noticed Prince Ribbit
  5423 | D:6      | Killed Prince Ribbit
  6101 | D:6      | Reached XP level 8. HP: 53/57 MP: 8/15
  6128 | D:6      | Reached skill level 5 in Spellcasting
  6377 | D:6      | Reached * piety under Sif Muna
  6593 | D:6      | Noticed Duvessa
  6593 | D:6      | Noticed Dowan
  6599 | D:6      | Killed Dowan
  6599 | D:6      | Reached skill level 1 in Invocations
  6631 | D:6      | Killed Duvessa
  7067 | D:7      | Reached skill level 5 in Summonings
  7236 | D:7      | Noticed Menkaure
  7242 | D:7      | Killed Menkaure
  7370 | D:7      | Found a glowing silver altar of Zin.
  7378 | D:7      | Noticed a hippogriff
  7391 | D:7      | Killed a hippogriff
  7434 | D:7      | Found a staircase to the Ecumenical Temple.
  7851 | D:7      | Reached XP level 9. HP: 40/63 MP: 4/18
  7990 | D:7      | Reached skill level 1 in Fighting
  8183 | D:8      | Found a flagged portal.
  8246 | Bailey   | Entered a bailey
  9708 | Bailey   | Reached ** piety under Sif Muna
 10569 | Bailey   | Noticed an orc knight
 10587 | Bailey   | Killed an orc knight
 10848 | D:8      | Reached skill level 5 in Dodging
 10848 | D:8      | Reached XP level 10. HP: 83/83 MP: 18/21
 11059 | D:8      | Reached skill level 1 in Conjurations
 11593 | D:8      | Reached *** piety under Sif Muna
 11606 | D:8      | Reached XP level 11. HP: 67/89 MP: 10/23
 12364 | D:9      | Noticed a two-headed ogre
 12374 | D:9      | Killed a two-headed ogre
 12391 | D:9      | Reached skill level 1 in Shields
 12620 | D:9      | Reached **** piety under Sif Muna
 13696 | D:9      | Found a glowing golden altar of the Shining One.
 13697 | D:9      | Noticed an angel
 13703 | D:9      | Found a runed translucent door.
 14112 | D:10     | Entered Level 10 of the Dungeon
 14138 | D:10     | Noticed a two-headed ogre
 14139 | D:10     | Noticed a two-headed ogre
 14154 | D:10     | Killed a two-headed ogre
 14167 | D:10     | Killed a two-headed ogre
 14455 | D:10     | Found a runed translucent gate.
 14455 | D:10     | Noticed qipq's ghost (journeyman VSIE)
 14456 | D:10     | Found a runed translucent gate.
 14457 | D:10     | Found a runed translucent gate.
 14460 | D:10     | Identified the +4 flail of Skirmishing {antimagic, +Inv
                  | +Fly}
 14521 | D:10     | Noticed Harold
 14944 | D:10     | Reached skill level 5 in Conjurations
 15616 | D:10     | Killed an unseen horror
 15837 | D:10     | Reached ***** piety under Sif Muna
 16203 | D:10     | Found a roughly hewn altar of Beogh.
 16315 | D:10     | Received a gift from Sif Muna
 16323 | D:10     | Killed qipq's ghost
 16358 | D:10     | Got a transparent cloak
 16369 | D:10     | Identified the cursed +0 cloak "Jyuruhyu" {*Contam rN+ SInv
                  | Stlth+} (You found it on level 10 of the Dungeon)
 16511 | D:10     | Learned a level 6 spell: Shadow Creatures
 16530 | D:10     | Identified 3 scrolls of acquirement
 16631 | D:11     | Noticed a two-headed ogre
 16637 | D:11     | Killed a two-headed ogre
 17348 | D:11     | Found a staircase to the Lair.
 17915 | Lair:1   | Entered Level 1 of the Lair of Beasts
 18395 | Lair:1   | Reached XP level 12. HP: 96/96 MP: 11/24
 18755 | Lair:1   | Reached skill level 5 in Shields
 22270 | Lair:4   | Found a staircase to the Snake Pit.
 22715 | Lair:4   | Noticed a four-headed hydra
 22724 | Lair:4   | Killed a four-headed hydra
 22818 | Lair:4   | Found a staircase to the Swamp.
 22930 | Lair:4   | Noticed an eight-headed hydra
 22939 | Lair:4   | Killed an eight-headed hydra
 24196 | Lair:6   | Entered Level 6 of the Lair of Beasts
 24206 | Lair:6   | Noticed a five-headed hydra
 24206 | Lair:6   | Reached skill level 1 in Polearms
 24215 | Lair:6   | Killed a death yak
 24217 | Lair:6   | Killed a five-headed hydra
 24265 | Lair:6   | Found a frozen archway.
 24296 | IceCv    | Entered an ice cave
 24721 | IceCv    | Killed from afar by an ice statue

Levels and vault maps discovered:
D:1:      lemuel_arrival_river_passageway, layout_basic
D:2:      layout_loops_cross, minivault_5
D:3:      layout_basic, uniq_natasha
D:4:      layout_layer_cave, eat_drink_and_be_merry_uskayaw,
          kennysheep_little_box, overflow_temple_1_default,
          gammafunk_temple_overflow_statue, first_ration
D:5:      layout_loops_ring, lemuel_round_altar, ashenzari_altar_1
D:6:      minmay_inner_zag, layout_rooms, uniq_duvessa, uniq_prince_ribbit1
D:7:      layout_gridville, lemuel_doored_altar, minmay_temple_entry_junction,
          uniq_menkaure
D:8:      kb_forest_paths, layout_basic, lightli_bailey_entry_fortress
D:9:      layout_grid_maze, lemuel_angel_altar
D:10:     layout_small_grid, biasface_ghost_orc_armoury, uniq_harold
D:11:     layout_layer_cave, minmay_lair_entry_grove, serial_glass,
          glass_columns_b, glass_columns_b
Lair:1:   layout_cave_pods, grunt_megastairs_5
Lair:2:   layout_layer_cave, minivault_25
Lair:3:   layout_misc_corridors, chequers_serial_rivers_micro_a,
          chequers_serial_rivers_room_a, chequers_serial_rivers_micro_c,
          beast_lair_carwin_5
Lair:4:   layout_big_grid, minmay_swamp_entry_worms, guppyfry_snake_entry_island
Lair:5:   layout_hall_layers, infiniplex_staircase_pool, lemuel_fruit_fields,
          lemuel_fruit_tree
Lair:6:   minmay_lair_end_frog_pond, layout_misc_corridors,
          nicolae_slime_entry_slimehenge, portal_ice_cave_entry_pillars_1,
          roderic_batcave, serial_bayou_shore_a, lemuel_fruit_fields
IceCv:    ice_cave_caverns_02

Skill      XL: |  1  2  3  4  5  6  7  8  9 10 11 12 |
---------------+-------------------------------------+-----
Dodging        | 2 5 6 8 9 |  9.0
Stealth        | 2 |  2.0
Spellcasting   | 3 4 6 7 8 |  8.9
Ice Magic      | 5 6 7 |  7.0
Summonings     | 1 2 3 4 5 7 8 9 |  9.6
Evocations     | 1 2 3 4 |  4.0
Invocations    | 3 7 8 |  8.0
Fighting       | 6 |  6.1
Conjurations   | 2 6 |  6.0
Shields        | 4 7 |  7.0
Polearms       | 2 |  2.2

Action                   |  1- 3 |  4- 6 |  7- 9 | 10-12 || total
-------------------------+-------+-------+-------+-------++-------
Melee: Unarmed           |    20 |       |       |       ||    20
       Tailslap          |     7 |    11 |    19 |    45 ||    82
       Dagger            |    32 |   142 |   141 |       ||   315
       Club              |     8 |       |       |       ||     8
       Dire flail        |       |       |       |   152 ||   152
       Falchion          |       |       |       |   164 ||   164
       Demon trident     |       |       |       |    49 ||    49
 Cast: Freeze            |    40 |    52 |    37 |    43 ||   172
       Summon Ice Beast  |       |     3 |    88 |   306 ||   397
       Hailstorm         |       |       |       |    12 ||    12
       Shadow Creatures  |       |       |       |     1 ||     1
Invok: Channel Magic     |       |       |       |     3 ||     3
Evoke: Wand              |       |     8 |    11 |     7 ||    26
  Use: Scroll            |     5 |     6 |    10 |    20 ||    41
       Potion            |     1 |     1 |     1 |     1 ||     4
 Stab: Sleeping          |     4 |     7 |       |     5 ||    16
       Distracted        |     1 |     1 |     1 |     8 ||    11
       Invisible         |       |     2 |       |       ||     2
  Eat: Chunk             |     2 |     9 |    20 |    50 ||    81
       Ration            |       |     1 |     3 |     3 ||     7
Armor: Skin              |    27 |    62 |    81 |   191 ||   361
Dodge: Dodged            |    44 |   105 |   168 |   381 ||   698
Block: Buckler           |       |       |       |    62 ||    62
       Rpst.: Falchion   |       |       |       |    54 ||    54

Table legend:
 A = Non-vault XP
 B = Vault XP
 C = Vault XP percentage of total XP
 D = Non-vault monster count
 E = Vault monster count
 F = Vault count percentage of total count
                 A         B        C        D         E       F
            +---------+---------+-------+---------+---------+-------
      Total |   24251 |    8015 |  24.8 |     380 |     105 |  21.6
            +---------+---------+-------+---------+---------+-------
        D:1 |      69 |       0 |   0.0 |      34 |       0 |   0.0
        D:2 |      66 |       0 |   0.0 |      14 |       0 |   0.0
        D:3 |      83 |      36 |  30.3 |      26 |       1 |   3.7
        D:4 |     219 |       0 |   0.0 |      17 |       0 |   0.0
        D:5 |     544 |       0 |   0.0 |      23 |       0 |   0.0
        D:6 |     504 |     596 |  54.2 |      11 |       5 |  31.2
        D:7 |     673 |      86 |  11.3 |      26 |       1 |   3.7
        D:8 |    1286 |    1473 |  53.4 |      38 |      28 |  42.4
        D:9 |    2051 |       0 |   0.0 |      48 |       0 |   0.0
       D:10 |    4061 |     950 |  19.0 |      32 |      11 |  25.6
       D:11 |    1202 |    1115 |  48.1 |      23 |      13 |  36.1
     Lair:1 |     914 |     370 |  28.8 |       6 |       3 |  33.3
     Lair:2 |    3038 |       0 |   0.0 |      26 |       0 |   0.0
     Lair:3 |    2401 |     536 |  18.2 |      16 |       6 |  27.3
     Lair:4 |    2787 |     254 |   8.4 |      16 |       3 |  15.8
     Lair:5 |    1277 |       0 |   0.0 |       7 |       0 |   0.0
     Lair:6 |    3076 |      76 |   2.4 |      17 |       2 |  10.5
     Bailey |       0 |    1739 | 100.0 |       0 |      26 | 100.0
      IceCv |       0 |     784 | 100.0 |       0 |       6 | 100.0
            +---------+---------+-------+---------+---------+-------
